 Dungeon Crawl Stone Soup version 0.28-b1-1-g3c77fb2ed1 (webtiles) character file.

Game seed: 11248956494943958232

13 acdeimund the Firebug (level 2, 0/24 HPs)
             Began as a Human Cinder Acolyte on Jan 28, 2022.
             Was a High Priest of Ignis.
             Killed from afar by a dart slug (2 damage)
             ... with a slug dart
             ... on level 1 of the Dungeon.
             The game lasted 00:03:09 (543 turns).

acdeimund the Firebug (Human Cinder Acolyte)         Turns: 543, Time: 00:03:10

Health: 0/24       AC:  9    Str: 14    XL:     2   Next: 50%
Magic:  4/4        EV: 11    Int: 14    God:    Ignis [*****.]
Gold:   50         SH:  0    Dex:  8    Spells: 3/3 levels left

rFire   + . .      SeeInvis .   a - -1 mace (flame)
rCold   . . .      Faith    .   (no shield)
rNeg    . . .      Spirit   .   b - +0 robe
rPois   .          Reflect  .   (no helmet)
rElec   .          Harm     .   (no cloak)
rCorr   .          Rampage  .   (no gloves)
Will    .....                   (no boots)
Stlth   +.........              (no amulet)
HPRegen 0.08/turn               (no ring)
MPRegen 0.09/turn               (no ring)

@: fiery-armoured
A: no striking features
a: Renounce Religion, Fiery Armour, Foxfire Swarm, Rising Flame


You were on level 1 of the Dungeon.
You worshipped Ignis.
Ignis was extremely pleased with you.
You visited 1 branch of the dungeon, and saw 1 of its levels.

You collected 50 gold pieces.

Inventory:

Hand Weapons
 a - a -1 mace of flaming (weapon)
Armour
 b - a +0 robe (worn)
Potions
 c - 2 potions of ambrosia {unknown}


   Skills:
 + Level 3.0 Fighting
 + Level 3.0 Maces & Flails
 + Level 0.4 Dodging
 + Level 0.6 Stealth
 * Level 1.3 Spellcasting
 * Level 3.1 Fire Magic


You had 3 spell levels left.
You didn't know any spells.
Your spell library contained the following spells:

 Spells                   Type           Power      Damage    Failure   Level
 Scorch                   Fire           18%        2d6       11%         2


Dungeon Overview and Level Annotations

Branches:
Dungeon (1/15)

Altars:


Message History

The frilled lizard bites you but does no damage.
You miss the frilled lizard. The frilled lizard closely misses you.
You barely miss the frilled lizard. The frilled lizard closely misses you.
The dart slug barely misses you. The frilled lizard closely misses you.
You barely miss the frilled lizard. The dart slug launches a dart at you.
The slug dart hits you.
The frilled lizard bites you but does no damage.
The frilled lizard barely misses you.
You open the door. The frilled lizard misses you.
The dart slug barely misses you.
There is an open door here.
You closely miss the frilled lizard.
The frilled lizard completely misses you.
You closely miss the frilled lizard. The frilled lizard bites you.
The frilled lizard bites you but does no damage.
You closely miss the frilled lizard. The frilled lizard closely misses you.
You barely miss the frilled lizard. The frilled lizard bites you.
* * * LOW HITPOINT WARNING * * *
You miss the frilled lizard. The frilled lizard bites you.
* * * LOW HITPOINT WARNING * * *
You miss the frilled lizard. The frilled lizard bites you.
* * * LOW HITPOINT WARNING * * *
You barely miss the frilled lizard. The frilled lizard barely misses you.
The frilled lizard bites you.
* * * LOW HITPOINT WARNING * * *
You miss the frilled lizard. Your punch misses the frilled lizard.
The frilled lizard barely misses you.
You hit the frilled lizard. You burn the frilled lizard.
You kill the frilled lizard!
A protective cloak of flame settles atop you.
You hit the dart slug but do no damage. The dart slug closely misses you.
You hit the dart slug but do no damage. The dart slug launches a dart at you.
The slug dart hits you but does no damage.
You hit the dart slug. You burn the dart slug.
The dart slug is heavily wounded.
The dart slug launches a dart at you. The slug dart hits you.
You die...

.####.# #.#...#.#+
.+.w..# #.#.......
.#############.#.......
..................(....
##...........#)#.......
##..........w#.#.......
.)...........+...>....?
##...........#...#.$###
#...........###@#.....
#...........###w#..###
#...................#
.....................#
#####....###.........#
#....# #.......#..#
###### ###.##.....# #.#
.....# #.# ......


You could see a dart slug.

Vanquished Creatures
  A dart slug (D:1)
  A hobgoblin (D:1)
  2 jackals (D:1)
  2 kobolds (D:1)
  2 frilled lizards (D:1)
  3 rats (D:1)
11 creatures vanquished.

Notes
Turn   | Place    | Note
-------+----------+-------------------------------------------
     0 | D:1      | acdeimund the Human Cinder Acolyte began the quest for the
                  | Orb.
     0 | D:1      | Reached XP level 1. HP: 18/18 MP: 2/2
   320 | D:1      | Reached XP level 2. HP: 16/24 MP: 3/3
   537 | D:1      | HP: 1/24 [frilled lizard (2)]
   543 | D:1      | Killed from afar by a dart slug

Illustrated notes

Levels and vault maps discovered:
D:1:      dpeg_arrival_long_road, layout_basic, serial_shops,
          nicolae_shop_advertising_works [nicolae_subvault_shop_adworks],
          hellmonk_ecumenical_altar_prayer_group

Action                   || total
-------------------------++-------
Melee: Mace              ||    48
Invok: Fiery Armour      ||     1
Armor: Robe              ||     6
Dodge: Dodged            ||    31
